 Dungeon Crawl Stone Soup version 0.29.0-4-gdea44cf6ec (webtiles) character file.

Game seed: 10775974331726340673

16 qw the Sneak (level 2, -2/19 HPs)
             Began as a Gargoyle Delver on Sept 10, 2022.
             Was an Initiate of Okawaru.
             Slain by a gnoll
             ... wielding a +0 spear
              (3 damage)
             ... on level 3 of the Dungeon.
             The game lasted 00:00:16 (935 turns).

qw the Sneak (Gargoyle Delver)                       Turns: 935, Time: 00:00:17

Health: -2/19      AC: 10    Str: 14    XL:     2   Next: 54%
Magic:  2/2        EV: 10    Int:  9    God:    Okawaru [......]
Gold:   59         SH:  0    Dex: 12    Spells: 1/1 levels left

rFire   . . .      SeeInvis .   Y - +0 hand axe
rCold   . . .      Faith    .   (no shield)
rNeg    + + .      Spirit   .   e - +0 ring mail
rPois   inf        Reflect  .   (no helmet)
rElec   +          Harm     .   h - +2 ratskin cloak {*Rats rPois rN+ Str-1 Int-1 Dex+1}
rCorr   .          Rampage  .   (no gloves)
Will    .....                   (no boots)
Stlth   ++........              (no amulet)
HPRegen 0.06/turn               (no ring)
MPRegen 0.08/turn               (no ring)

@: about to teleport
A: sickness immunity, AC +2, negative energy resistance 1, electricity
resistance, torment resistance 1, petrification resistance
a: Renounce Religion


You were on level 3 of the Dungeon.
You worshipped Okawaru.
Okawaru was noncommittal.
You visited 2 branches of the dungeon, and saw 4 of its levels.

You collected 59 gold pieces.


Innate Abilities, Weirdness & Mutations

You are immune to sickness and miasma.
Your stone body is resilient. (AC +2)
You are immune to poison.
You resist negative energy. (rN+)
You are resistant to electric shocks. (rElec)
You are resistant to unholy torment.
You are immune to petrification.


   Skills:
 - Level 3.2 Fighting
 + Level 2.8 Axes
 - Level 1.5 Dodging
 - Level 5.4 Stealth


You had one spell level left.
You didn't know any spells.
Your spell library was empty.

Inventory:

Hand Weapons
 c - a +0 flail
 Y - a +0 hand axe (weapon)
Missiles
 i - 2 boomerangs (quivered)
Armour
 e - a +0 ring mail (worn)
 h - the +2 ratskin cloak (worn) {*Rats rPois rN+ Str-1 Int-1 Dex+1}
   (You found it on level 3 of the Dungeon)

   When the wearer is hurt, rats may emerge from it to assist them.
   Str:       It affects your strength (-1).
   Int:       It affects your intelligence (-1).
   Dex:       It affects your dexterity (+1).
   rPois:     It protects you from poison.
   rN:        It protects you from negative energy.
Wands
 g - a wand of digging (3)
Potions
 f - 2 potions of haste

Dungeon Overview and Level Annotations

Branches:
Dungeon (5/15)             Temple (1/1) D:4

Altars:
Ashenzari
Cheibriados
Dithmenos
Elyvilon
Fedhas
Gozag
Makhleb
Okawaru
Ru
Yredelemnul
The Shining One


Message History

886 ||| DROPPING +0 leather armour.
You drop a +0 leather armour.
887 ||| UPGRADING to +2 ratskin cloak {*Rats rPois rN+ Str-1 Int-1 Dex+1}.
You start putting on your armour.
You continue putting on the +2 ratskin cloak {*Rats rPois rN+ Str-1 Int-1 Dex+1}. x4
You finish putting on the +2 ratskin cloak {*Rats rPois rN+ Str-1 Int-1 Dex+1}.
You feel weaker.
You feel stupid.
You feel agile.
892 ||| READING 2 scrolls labelled XOUCSOOTWU.
As you read the scroll labelled XOUCSOOTWU, it crumbles to dust.
You feel strangely unstable.
It was a scroll of teleportation.
You start waiting.
Your surroundings suddenly seem different.
(D) Dungeon (T) Temple
Where to? (* - list waypoints, Enter - D:3, ? - help)
What level of the Dungeon? (default 1, ? - help)
You see here a bat corpse.
A gnoll comes into view. It is wielding a +0 halberd.
929 ||| Stepping ~*~*~tactically~*~*~ (stealth).
(D) Dungeon (T) Temple
Where to? (* - list waypoints, Enter - D:2, ? - help)
What level of the Dungeon? (default 1, ? - help)
You open the door.
The gnoll shouts!
You hear a shout!
A gnoll comes into view. It is wielding a +0 spear.
You hear a shout!
You hear a shout!
You hear an angry hiss.
The gnoll hits you from afar with a +0 halberd.
The gnoll misses you.
There is an open door here.
You hit the gnoll but do no damage. The gnoll hits you with a +0 spear.
The gnoll hits you but does no damage.
You hit the gnoll.
The gnoll is moderately wounded.
The gnoll hits you with a +0 spear!
The gnoll hits you from afar with a +0 halberd.
935 ||| READING scroll of teleportation.
As you read the scroll of teleportation, it crumbles to dust.
You feel strangely unstable. The gnoll hits you with a +0 spear.
You die...

.....#..........77P.77..#.#
.....#..........77P..7#.#.#
.....#.........77.P..7#.#
#.#.##.......7.%7P.P.7 .#
#.#+##......777...P777 ..
............7.7P.7.7
............77...777
.......#..###7...7######
..............77@.......
7777.#...###...g#######. 7
77#.........g........
#...####....########.# .###
####....#..... ##........#
............### #
.............%##.#
................>


You could see 2 gnolls.

Vanquished Creatures
  4 orcs (D:3)
  A ball python (D:3)
  A giant cockroach (D:3)
  A goblin (D:3)
  A quokka (D:3)
  A bat (D:3)
  2 frilled lizards (D:3)
11 creatures vanquished.

Vanquished Creatures (others)
  4 plants
4 creatures vanquished.

Grand Total: 15 creatures vanquished

Notes
Turn   | Place    | Note
-------+----------+-------------------------------------------
     0 | D:5      | qw the Gargoyle Delver began the quest for the Orb.
     0 | D:5      | Reached XP level 1. HP: 14/14 MP: 1/1
     0 | D:5      | 0 ||| qw: Version: 0.1-a-116-g5d60599
     0 | D:5      | 0 ||| qw: Game counter: 8816
     0 | D:5      | 0 ||| qw: Always use a shield: true
     0 | D:5      | 0 ||| qw: God list: Okawaru
     0 | D:5      | 0 ||| qw: Allow faded altars: false
     0 | D:5      | 0 ||| qw: Do Orc after D:15 true
     0 | D:5      | 0 ||| qw: Do second Lair branch before Depths: true
     0 | D:5      | 0 ||| qw: Lair rune preference: random
     0 | D:5      | 0 ||| qw: Plans: Normal
     0 | D:5      | 0 ||| PLANNING D:1-11
     9 | D:5      | 9 ||| DROPPING scroll of fog.
    10 | D:5      | 10 ||| DROPPING scroll of magic mapping.
    11 | D:5      | 11 ||| DROPPING scroll of fear.
    35 | D:4      | Found a staircase to the Ecumenical Temple.
    36 | D:4      | 36 ||| PLANNING TEMPLE
    44 | Temple   | Entered the Ecumenical Temple
   210 | Temple   | 210 ||| PLANNING D:1-11
   229 | Temple   | Became a worshipper of Warmaster Okawaru
   377 | D:3      | 377 ||| Stepping ~*~*~tactically~*~*~ (stealth).
   378 | D:3      | 378 ||| Stepping ~*~*~tactically~*~*~ (stealth).
   379 | D:3      | 379 ||| Stepping ~*~*~tactically~*~*~ (stealth).
   379 | D:3      | Found the +2 ratskin cloak {*Rats rPois rN+ Str-1 Int-1
                  | Dex+1}
   384 | D:3      | 384 ||| Stepping ~*~*~tactically~*~*~ (stealth).
   507 | D:3      | Reached XP level 2. HP: 19/19 MP: 2/2
   876 | D:3      | 876 ||| UPGRADING to +0 ring mail.
   886 | D:3      | 886 ||| DROPPING +0 leather armour.
   887 | D:3      | 887 ||| UPGRADING to +2 ratskin cloak {*Rats rPois rN+
                  | Str-1 Int-1 Dex+1}.
   892 | D:3      | 892 ||| READING 2 scrolls labelled XOUCSOOTWU.
   929 | D:3      | 929 ||| Stepping ~*~*~tactically~*~*~ (stealth).
   934 | D:3      | HP: 2/19 [gnoll/+0 spear (7)]
   935 | D:3      | 935 ||| READING scroll of teleportation.
   935 | D:3      | Slain by a gnoll

Levels and vault maps discovered:
D:3:      layout_basic, gammafunk_ghost_necromancy, serial_forest,
          infiniplex_forest_lined_2, infiniplex_forest_side_room,
          infiniplex_forest_corner_1, infiniplex_forest_clump_small,
          infiniplex_forest_side_room
D:4:      wad_lake_hut, layout_basic, nicolae_vehumet_altar_sigil,
          kennysheep_little_box, temple_pool_b
D:5:      layout_loops_cross, nicolae_uskayaw_en_pointe, zin_purify,
          lemuel_mausoleum_altar_kikubaaqudgha, nicolae_kite_square_tiling_tiny,
          uniq_pikel
Temple:   nicolae_temple_bog_church

Skill      XL: |  1 |
---------------+----+-----
Axes           | 2 |  2.8
Fighting       | |  3.2
Dodging        | |  1.5
Stealth        | |  5.4

Action                   || total
-------------------------++-------
Melee: Hand axe          ||    31
Throw: Boomerang         ||     5
  Use: Scroll            ||     2
Armor: Leather armour    ||     8
       Ring mail         ||     1
Dodge: Dodged            ||    19

Table legend:
 A = Non-vault XP
 B = Vault XP
 C = Vault XP percentage of total XP
 D = Non-vault monster count
 E = Vault monster count
 F = Vault count percentage of total count
                 A         B        C        D         E       F
            +---------+---------+-------+---------+---------+-------
      Total |      23 |       0 |   0.0 |      11 |       0 |   0.0
            +---------+---------+-------+---------+---------+-------
        D:3 |      23 |       0 |   0.0 |      11 |       0 |   0.0
            +---------+---------+-------+---------+---------+-------
